 Dungeon Crawl Stone Soup version 0.24-a0-70-gf44d0c5 (console) character file.

Game seed: 5738464245019354945

108 Duffy the Conjurer (level 4, -9/36 HPs)
             Began as a Naga Fire Elementalist on Feb 6, 2019.
             Mangled by an ice beast (13 damage)
             ... on level 5 of the Dungeon.
             The game lasted 00:01:58 (902 turns).

Duffy the Conjurer (Naga Fire Elementalist)          Turns: 902, Time: 00:01:59

Health: -9/36      AC:  2    Str: 10    XL:     4   Next: 87%
Magic:  0/7        EV: 10    Int: 16    God:
Gold:   10         SH:  0    Dex: 12    Spells: 4/8 levels left

rFire    . . .     SeeInvis +   c - 3 rations
rCold    . . .     Gourm    .   (no shield)
rNeg     . . .     Faith    .   a - +0 robe
rPois    +         Spirit   .   (no helmet)
rElec    .         Reflect  .   (no cloak)
rCorr    .         Harm     .   (no gloves)
MR       .....                  (no barding)
Stlth    ++........             (no amulet)
HPRegen  0.12/turn              (no ring)
MPRegen  0.10/turn              (no ring)

@: very slow
A: large, see invisible, deformed body, poison resistance, slowness 2, slow
metabolism 1, spit poison 1, AC +1
a: Spit Poison


You were on level 5 of the Dungeon.
You were not hungry.

You visited 1 branch of the dungeon, and saw 5 of its levels.

You collected 10 gold pieces.

Inventory:

Armour
 a - a +0 robe (worn)
Scrolls
 b - a scroll of identify {unknown}
 e - a scroll of fog {unknown}
 f - a scroll of immolation {unknown}
 g - 2 scrolls of teleportation
Potions
 d - a potion of magic {unknown}
Comestibles
 c - 3 rations (in hand)


   Skills:
 - Level 1.5 Dodging
 - Level 3.0 Stealth
 + Level 2.6 Spellcasting
 + Level 3.5 Conjurations
 + Level 3.5 Fire Magic


You had 4 spell levels left.
You knew the following spells:

 Your Spells              Type           Power        Failure   Level  Hunger
h - Flame Tongue          Conj/Fire      ##...        4%          1    #......
l - Conjure Flame         Conj/Fire      ##......     14%         3    ###....

Your spell library contained the following spells:

 Spells                   Type           Power        Failure   Level  Hunger
 Throw Flame              Conj/Fire      ##....       7%          2    ##.....
 Inner Flame              Hex/Fire       #.......     28%         3    ###....
 Sticky Flame             Conj/Fire      ##......     41%         4    #####..
 Fireball                 Conj/Fire      ##........   77%         5    ######.


Dungeon Overview and Level Annotations

Branches:
Dungeon (5/15)
 Temple: D:4-7

Altars:


Innate Abilities, Weirdness & Mutations

You cannot wear boots.
Your serpentine skin is tough. (AC +1)
You have supernaturally acute eyesight. (SInv)
Armour fits poorly on your strangely shaped body.
Your system is resistant to poisons. (rPois)
You cover ground very slowly.
You have a slow metabolism.
You can spit poison.


Message History

Cast which spell? (? or * to list)
Aiming: Flame Tongue (safe; 4% risk of failure)
Press: ? - help, Shift-Dir - straight line, f/p - ice beast
Aim: an ice beast (severely wounded)
The flame tongue hits the ice beast!
The ice beast melts!
The ice beast is almost dead.
The ice beast hits you. The ice beast freezes you!
Cast which spell? (? or * to list)
Aiming: Flame Tongue (safe; 4% risk of failure)
Press: ? - help, Shift-Dir - straight line, f/p - ice beast
Aim: an ice beast (almost dead)
The flame tongue misses the ice beast.
The ice beast barely misses you.
Cast which spell? (? or * to list)
Aiming: Flame Tongue (safe; 4% risk of failure)
Press: ? - help, Shift-Dir - straight line, f/p - ice beast
Aim: an ice beast (almost dead)
The flame tongue hits the ice beast but does no damage.
The ice beast is almost dead.
The ice beast hits you. The ice beast freezes you!
You die...

...# #.........#
...## #.......##
####...# ##.....## #
#. ....# ##...##
#.##.##...# ##'##
#........# #<#
#.##.##..##### #.#
#............# ##.##
#.##.@....##.###...##
##Y#.#.##.##.....#
#.#.#..........#
#.#.####.###..#####
.........# #.......
########## ##.#####
#.# #.# ...


You could see an ice beast.

Vanquished Creatures
  Jessica (D:3)
  An iguana (D:4)
  3 adders
  A dart slug (D:3)
  2 worms
  3 leopard geckos
  A giant cockroach (D:2)
  2 goblins
  4 hobgoblins (D:2)
  A ball python (D:2)
  A bat (D:3)
  4 kobolds
24 creatures vanquished.

Notes
Turn   | Place    | Note
-------+----------+-------------------------------------------
     0 | D:1      | Duffy the Naga Fire Elementalist began the quest for the
                  | Orb.
     0 | D:1      | Reached XP level 1. HP: 15/15 MP: 3/3
    29 | D:2      | Reached XP level 2. HP: 22/22 MP: 5/5
   235 | D:2      | Reached XP level 3. HP: 16/28 MP: 0/6
   240 | D:2      | Learned a level 3 spell: Conjure Flame
   630 | D:3      | Noticed Jessica
   645 | D:3      | Killed Jessica
   645 | D:3      | Reached XP level 4. HP: 18/36 MP: 0/7
   827 | D:4      | Noticed a phantom
   851 | D:5      | Entered Level 5 of the Dungeon
   893 | D:5      | Noticed an ice beast
   902 | D:5      | Mangled by an ice beast

Vault maps used:
D:1:      ncdulo_wetmaze, layout_basic, chequers_big_river
D:2:      minmay_spotlight, layout_rooms, lemuel_doored_altar,
          old_standard_altar
D:3:      layout_basic, marbit_many_paths, chequers_ecumenical_altar_grove,
          kennysheep_generic_room_8, uniq_jessica, uniq_natasha
D:4:      layout_cave_pools, minmay_temple_entry_large_hall, xom_confusion_cloud
D:5:      layout_loops_corners, nicolae_ru_great_annihilating_truth,
          first_ration, minmay_lizard_king

Skill      XL: |  1  2  3 |
---------------+----------+-----
Conjurations   | 2 3 |  3.5
Dodging        | |  1.5
Stealth        | |  3.0
Spellcasting   | |  2.6
Fire Magic     | |  3.5

Action                   |  1- 3 |  4- 6 || total
-------------------------+-------+-------++-------
 Cast: Flame Tongue      |    41 |     8 ||    49
 Abil: Spit Poison       |    20 |     3 ||    23
  Use: Scroll            |       |     1 ||     1
  Eat: Chunk             |       |     1 ||     1
Armor: Robe              |     2 |     1 ||     3
Dodge: Dodged            |    12 |     3 ||    15

Table legend:
 A = Non-vault XP
 B = Vault XP
 C = Vault XP percentage of total XP
 D = Non-vault monster count
 E = Vault monster count
 F = Vault count percentage of total count
                 A         B        C        D         E       F
            +---------+---------+-------+---------+---------+-------
      Total |     112 |      43 |  27.7 |      20 |       4 |  16.7
            +---------+---------+-------+---------+---------+-------
        D:1 |       3 |       0 |   0.0 |       1 |       0 |   0.0
        D:2 |      30 |       6 |  16.7 |       9 |       3 |  25.0
        D:3 |      31 |      37 |  54.4 |       8 |       1 |  11.1
        D:4 |      48 |       0 |   0.0 |       2 |       0 |   0.0
            +---------+---------+-------+---------+---------+-------
